 Dungeon Crawl Stone Soup version 0.30.0-30-g96aa6591b8 (webtiles) character file.

Game seed: 14946115080154580185

9 Chiseanne the Sneak (level 2, -4/21 HPs)
             Began as an Octopode Delver on June 28, 2023.
             Slain by a sleepcap (7 damage)
             ... on level 4 of the Dungeon.
             The game lasted 00:00:29 (151 turns).

Chiseanne the Sneak (Octopode Delver)                Turns: 151, Time: 00:00:29

Health: -4/21      AC:  1    Str: 11    XL:     2   Next: 12%
Magic:  2/2        EV: 13    Int: 12    God:
Gold:   14         SH:  0    Dex: 13    Spells: 1/1 levels left

rFire   . . .        a - +0 short sword
rCold   . . .        (no shield)
rNeg    . . .        (helmet restricted)
rPois   .            (no amulet)
rElec   .            (no ring)
rCorr   .            (no ring)
SInv    .            (no ring)
Will    .....        (no ring)
Stlth   ++++         (no ring)
HPRegen 0.23/turn    (no ring)
MPRegen 0.08/turn    (no ring)
                     (no ring)

%: no passive effects
@: no status effects
A: almost no armour, amphibious, 8 rings, camouflage 1, gelatinous body 1,
(nimble swimmer 1), tentacles
a: no special abilities


You were on level 4 of the Dungeon.
You visited 1 branch of the dungeon, and saw 2 of its levels.

You collected 14 gold pieces.

Inventory:

Hand Weapons
 a - a +0 short sword (weapon)
Missiles
 h - 16 stones (quivered)
Wands
 f - a wand of digging (3)
 k - a wand of mindburst (20)
Scrolls
 b - a scroll of fog
 c - a scroll of magic mapping
 d - a scroll of fear
 i - a scroll of blinking {unknown}
 j - a scroll of identify {unknown}
 l - a scroll of teleportation {unknown}
Potions
 e - a potion of haste
 g - a potion of invisibility {unknown}


   Skills:
 * Level 3.2 Fighting
 - Level 2.0 Short Blades
 * Level 2.2 Dodging
 * Level 6.8 Stealth


You had one spell level left.
You didn't know any spells.
Your spell library was empty.

Dungeon Overview and Level Annotations

Branches:
Dungeon (5/15)
 Temple: D:4-7

Altars:
Vehumet


Innate Abilities, Weirdness & Mutations

You cannot wear most types of armour.
You are amphibious.
You can wear up to eight rings at the same time.
Your skin changes colour to match your surroundings (Stealth+).
Your rubbery body absorbs attacks. (AC +1, EV +1)
((You are camouflaged when in or above water. (Stealth+)))
You have tentacles for arms and can constrict up to eight enemies at once.


Message History

A hound and a shadow imp come into view.
(D) Dungeon
Where to? (? - help)
Okay, then.
There is an open door here.
There is a stone staircase leading up here.
You climb upwards.
There is a stone staircase leading down here.
Found a scroll labelled IPHYSTRODAX.
The helpless sleepcap fails to defend itself.
You puncture the sleepcap! You grab the sleepcap.
The sleepcap is moderately damaged.
You constrict the sleepcap. You completely miss the sleepcap.
The sleepcap is heavily damaged.
You constrict the sleepcap. The sleepcap releases spores at you!
You are engulfed in a cloud of soporific spores!
You fall asleep.
You lose your grip on the sleepcap.
The sleepcap releases spores at you!
You wake up.
* * * LOW HITPOINT WARNING * * *
You are engulfed in a cloud of soporific spores!
You are unaffected.
You hit the sleepcap. You grab the sleepcap. You squeeze the sleepcap.
The sleepcap is severely damaged.
You constrict the sleepcap, but do no damage.
The sleepcap closely misses you.
You hit the sleepcap but do no damage.
The sleepcap is severely damaged.
You constrict the sleepcap. The sleepcap releases spores at you.
* * * LOW HITPOINT WARNING * * *
You are engulfed in a cloud of soporific spores!
You are unaffected.
You hit the sleepcap.
The sleepcap is almost destroyed.
You constrict the sleepcap. The sleepcap barely misses you.
You hit the sleepcap but do no damage.
The sleepcap is almost destroyed.
You constrict the sleepcap. The sleepcap releases spores at you!
You die...

.... .. ..#
.....##....?
...........
...........
#.......#.#
........#.#
........#.###.#.
........@f......
.......>..###.##
.#####....#
##...# ..#...
.###.#.. .
.##... . .# #K#
..


You could see a sleepcap.

Vanquished Creatures
  An adder (D:5)
1 creature vanquished.

Notes
Turn   | Place    | Note
-------+----------+-------------------------------------------
     0 | D:5      | Chiseanne the Octopode Delver began the quest for the Orb.
     0 | D:5      | Reached XP level 1. HP: 16/16 MP: 1/1
    34 | D:5      | Found a radiant altar of Vehumet.
    36 | D:5      | Noticed a scorpion
    80 | D:5      | Reached XP level 2. HP: 21/21 MP: 2/2
   151 | D:4      | Slain by a sleepcap

Illustrated notes

Levels and vault maps discovered:
D:4:      layout_rooms, lemuel_coloured_pillars_altar, minmay_misc_feat_enclosed
D:5:      layout_gridville, nicolae_vehumet_radiance

Action                     || total
---------------------------++-------
  Melee: Short sword       ||     7
         Constrict         ||     2
         Tentacles         ||     1
   Stab: Sleeping          ||     2
  Dodge: Dodged            ||     2
